Map: [ESL] Site Delta

Players

SKillous

  • Race: Protoss Protoss
  • League: Grandmaster
  • Spawn Location: 11:00

BabyMarine - Winner!

  • Race: Terran Terran
  • Spawn Location: 5:00

Event: HomeStory Cup XXIV

VOD

Have the link to the VOD?

Description

Time

  • Played on: Dec. 2, 2023, 6:26 a.m.
  • Length: 11:04

All games in this series

Show
View Real Time Build Order
Export as new Build Order

SKillous Protoss 

Build Orders: Blink Stalkers 

Get SALT Encoding   

  12  0:00  Probe  
  13  0:12  Probe  
  14  0:17  Pylon  
  14  0:24  Probe  
  15  0:37  Gateway  
  15  0:38  Probe (Chrono Boost)  
  16  0:43  Assimilator  
  16  0:48  Probe (Chrono Boost)  
  17  0:53  Probe (Chrono Boost)  
  18  1:05  Probe  
  19  1:17  Probe  
  20  1:29  Cybernetics Core  
  20  1:34  Probe  
  21  1:44  Pylon  
  21  1:46  Probe  
  22  1:54  Nexus  
  22  1:58  Probe  
  23  2:02  Assimilator  
  23  2:06  Adept (Chrono Boost)  
  23  2:12  Probe  
  26  2:15  Warp Gate  
  26  2:24  Probe  
  26  2:26  Adept (Chrono Boost)  
  29  2:36  Probe  
  30  2:42  Twilight Council  
  30  2:49  Probe  
  31  3:04  Shield Battery  
  31  3:06  Stalker  
  31  3:07  Probe (Chrono Boost)  
  31  3:11  Probe (Chrono Boost)  
  35  3:15  Gateway  
  35  3:17  Probe (Chrono Boost)  
  37  3:20  Probe (Chrono Boost)  
  37  3:22  Probe (Chrono Boost)  
  37  3:26  Robotics Facility  
  38  3:31  Probe  
  38  3:34  Probe  
  40  3:35  Blink (Chrono Boost)  
  40  3:42  Pylon  
  40  3:52  Probe  
  40  3:53  Pylon  
  40  3:54  Probe  
  42  4:04  Probe  
  42  4:05  Stalker  
  42  4:06  Probe  
  42  4:09  Stalker  
  48  4:13  Observer  
  48  4:16  Probe  
  50  4:22  Nexus  
  50  4:24  Pylon  
  50  4:29  Probe  
  52  4:32  Stalker  
  52  4:34  Stalker  
  53  4:40  Probe (Chrono Boost)  
  53  4:41  Probe (Chrono Boost)  
  48  4:52  Probe (Chrono Boost)  
  35  4:59  Probe (Chrono Boost)  
  36  5:01  Probe (Chrono Boost)  
  36  5:05  Probe (Chrono Boost)  
  36  5:06  Probe  
  38  5:13  Pylon  
  35  5:18  Dark Shrine  
  35  5:22  Probe (Chrono Boost)  
  35  5:26  Probe (Chrono Boost)  
  37  5:28  Observer  
  37  5:32  Probe (Chrono Boost)  
  37  5:35  Probe (Chrono Boost)  
  40  5:37  Probe (Chrono Boost)  
  42  5:43  Probe (Chrono Boost)  
  42  5:44  Probe (Chrono Boost)  
  42  5:46  Probe (Chrono Boost)  
  43  5:50  Probe  
  43  5:54  Observer  
  42  5:57  Probe x2  
  42  5:59  Charge  
  42  6:02  Probe  
  45  6:07  Warp Prism (Chrono Boost)  
  45  6:09  Probe  
  45  6:10  Probe  
  49  6:16  Observer, Probe (Chrono Boost)  
  50  6:19  Stalker  
  50  6:20  Stalker  
  50  6:22  Probe (Chrono Boost)  
  56  6:26  Probe (Chrono Boost)  
  56  6:28  Gateway  
  56  6:32  Probe (Chrono Boost)  
  58  6:33  Gateway, Probe (Chrono Boost)  
  58  6:37  Probe (Chrono Boost)  
  59  6:44  Probe x2  
  61  6:49  Probe  
  61  6:52  Dark Templar  
  64  6:54  Dark Templar  
  64  6:57  Probe x2  
  69  7:02  Probe (Chrono Boost)  
  69  7:09  Shield Battery, Probe (Chrono Boost)  
  69  7:13  Observer  
  69  7:14  Probe (Chrono Boost)  
  70  7:16  Forge  
  70  7:19  Probe x2 (Chrono Boost)  
  70  7:23  Probe (Chrono Boost)  
  70  7:24  Dark Templar, Probe (Chrono Boost)  
  70  7:26  Stalker  
  70  7:29  Shield Battery  
  76  7:30  Pylon  
  76  7:34  Sentry  
  76  7:35  Zealot, Probe  
  80  7:37  Assimilator  
  80  7:39  Gateway  
  80  7:40  Gateway  
  80  7:41  Gateway  
  80  7:43  Gateway  
  80  7:50  Immortal (Chrono Boost)  
  84  7:58  Zealot x4  
  84  8:03  Pylon  
  92  8:11  Protoss Ground Weapons Level 1 (Chrono Boost)  
  92  8:16  Pylon  
  92  8:19  Zealot x4, Photon Cannon  
  98  8:22  Pylon  
  98  8:27  Pylon  
  98  8:32  Probe x2  
  100  8:36  Dark Templar  
  100  8:38  Zealot x3  
  108  8:42  Zealot x3  
  108  8:46  Pylon  
  108  8:47  Pylon  
  114  8:48  Dark Templar  
  116  9:07  Zealot x5  
  116  9:09  Dark Templar  
  111  9:18  Zealot  
  74  9:32  Dark Templar  
  74  9:36  Zealot x5  
  66  9:51  Dark Templar  
  58  10:04  Zealot x3  
  58  10:05  Zealot x2  
  62  10:13  Probe  
  59  10:15  Probe  
  59  10:21  Observer  
  60  10:23  Zealot x2  
  60  10:25  Probe  
  60  10:27  Zealot x3  
  60  10:28  Zealot  
  64  10:29  Gateway x2  
  35  10:44  Zealot x2  
  35  10:48  Zealot x2  
  42  10:50  Zealot x2  
Show
View Real Time Build Order
Export as new Build Order

BabyMarine Terran - Winner!

Build Orders:  

Get SALT Encoding   

  12  0:00  SCV  
  13  0:12  SCV  
  14  0:16  Supply Depot  
  14  0:24  SCV  
  14  0:28  Refinery  
  15  0:38  SCV  
  16  0:45  Barracks  
  16  0:50  SCV  
  17  1:04  SCV  
  17  1:07  Engineering Bay  
  18  1:16  SCV  
  19  1:32  Marine  
  19  1:34  Orbital Command  
  19  1:38  Factory  
  20  1:49  Supply Depot  
  20  1:51  Barracks Reactor  
  20  2:00  SCV  
  21  2:12  SCV  
  22  2:24  Command Center  
  22  2:31  Hellion x2  
  22  2:32  SCV  
  27  2:37  Supply Depot  
  27  2:44  Starport  
  27  2:48  SCV  
  28  2:55  Refinery  
  28  2:58  Widow Mine  
  30  3:00  Widow Mine  
  30  3:03  Barracks Tech Lab  
  30  3:05  SCV  
  33  3:18  SCV  
  34  3:21  Widow Mine x2  
  38  3:27  Marine  
  39  3:35  Medivac, SCV  
  39  3:36  Orbital Command  
  42  3:47  SCV  
  43  3:51  Marine x2  
  45  3:55  Siege Tank  
  45  3:59  SCV  
  49  4:03  SCV  
  50  4:10  Starport Tech Lab  
  50  4:11  SCV  
  50  4:12  Supply Depot  
  50  4:13  Barracks  
  50  4:14  Marine x2  
  50  4:16  SCV  
  54  4:25  Bunker  
  54  4:30  Supply Depot  
  54  4:33  SCV x2  
  56  4:43  Marine x2  
  56  4:44  Siege Tank  
  59  4:45  SCV x2  
  52  4:58  SCV x2  
  53  5:01  Marine x2  
  53  5:02  Barracks  
  53  5:05  Starport Reactor  
  53  5:09  Refinery  
  53  5:10  Engineering Bay, SCV x2  
  53  5:13  Stimpack  
  55  5:14  Marine  
  55  5:20  Siege Tank  
  59  5:22  SCV  
  59  5:23  SCV, Marine, Supply Depot  
  59  5:25  Marine  
  63  5:30  Supply Depot  
  63  5:33  Marauder  
  63  5:34  SCV  
  66  5:36  SCV  
  66  5:38  Terran Infantry Weapons Level 1  
  67  5:43  Marine x2  
  67  5:46  SCV  
  67  5:48  SCV  
  70  5:58  SCV  
  70  6:00  Marauder, SCV  
  70  6:02  Supply Depot  
  70  6:04  Medivac, Marine x2  
  76  6:09  Factory Reactor  
  76  6:11  Refinery, SCV  
  79  6:13  Combat Shield  
  79  6:14  Marine  
  80  6:21  Marine  
  81  6:26  Command Center  
  81  6:28  Medivac, Marine  
  81  6:31  Marine  
  85  6:36  SCV x2  
  87  6:44  Marine x2  
  87  6:46  Barracks  
  88  6:48  Barracks  
  88  6:51  Marine x2, Widow Mine x2  
  88  6:53  Supply Depot  
  93  6:56  Supply Depot  
  90  7:07  Marine, Marauder  
  90  7:08  Missile Turret  
  89  7:09  Marine  
  89  7:14  Marine, Widow Mine x2  
  89  7:15  Concussive Shells  
  95  7:20  SCV x2  
  94  7:25  Marauder  
  94  7:26  Marine  
  94  7:27  Ghost Academy  
  97  7:32  Marauder, Terran Infantry Armor Level 1, SCV  
  97  7:36  Widow Mine x2, SCV  
  101  7:38  Barracks Reactor  
  101  7:40  Barracks Tech Lab  
  101  7:47  SCV  
  101  7:48  SCV  
  103  7:58  Ghost, Supply Depot  
  102  8:02  SCV  
  102  8:05  SCV  
  104  8:14  SCV  
  104  8:17  SCV  
  104  8:21  Ghost  
  106  8:29  Marine  
  106  8:30  Marine x2  
  109  8:39  Marine  
  109  8:40  Marauder  
  113  8:51  Marine  
  113  8:54  Orbital Command  
  106  9:15  Marine  
  111  9:20  Marine x2  
  90  9:34  Ghost  
  83  9:43  Marine  
  83  9:44  Marauder x2  
  83  9:53  Marine  
  76  10:01  Marine x2  
  76  10:03  Marauder  
  74  10:08  Marine  
  74  10:13  SCV x2  
  75  10:18  SCV  
  76  10:22  Marine  
  77  10:30  Marine x2  
  77  10:31  SCV  
  75  10:39  Marine x2  
  72  10:43  Marine  
  72  10:48  SCV x2  
Tags
 
Add a new tag
Caveats
  • Supply blocks, unpowered buildings, or Contaminate may cause inaccurate times.
  • Supply counts are checked every 10 seconds.